Map: King Sejong Station LE

Players

OROR - Winner!

  • Race: Zerg Zerg
  • League: Silver

Gracz

  • Race: Protoss Protoss

VOD

Have the link to the VOD?

Description

Time

  • Played on: Oct. 19, 2016, 11:54 a.m.
  • Length: 11:54
Show
View Real Time Build Order
Export as new Build Order

OROR Zerg - Winner!

Build Orders: Hatch First 

Get SALT Encoding   

  12  0:01  Drone  
  13  0:08  Drone  
  14  0:28  Overlord  
  14  0:42  Unknown, Hatchery  
  14  0:46  Drone  
  14  1:07  Extractor  
  14  1:08  Spawning Pool  
  14  1:10  Drone  
  13  1:16  Drone  
  14  1:20  Drone  
  15  1:29  Drone  
  16  1:51  Drone  
  16  1:52  Drone  
  18  1:54  Unknown  
  18  1:57  Zergling x4  
  20  2:09  Zergling x2, Drone  
  22  2:15  Queen  
  24  2:25  Queen  
  26  2:38  Metabolic Boost  
  26  2:41  Zergling x4  
  28  2:44  Overlord  
  28  2:52  Overlord  
  28  3:04  Drone  
  28  3:05  Zergling x4, Drone  
  32  3:18  Extractor  
  31  3:22  Drone  
  31  3:23  Drone x3  
  31  3:26  Zergling x2  
  36  3:28  Zergling x2  
  37  3:43  Zergling x4, Drone x2  
  37  3:44  Zergling x2  
  37  3:47  Zergling x2  
  43  3:52  Overlord  
  43  4:14  Zergling x8  
  43  4:15  Zergling x8  
  51  4:17  Drone  
  51  4:23  Overlord  
  51  4:58  Drone x8  
  55  5:20  Zergling x6, Drone x2  
  58  5:50  Zergling x4  
  53  6:14  Zergling x4, Drone x3  
  56  6:19  Lair  
  56  6:22  Drone  
  56  6:31  Baneling Nest  
  53  6:35  Evolution Chamber  
  53  6:36  Evolution Chamber  
  53  6:37  Zergling x8  
  51  6:49  Zergling x2, Drone  
  52  6:54  Drone  
  52  6:55  Drone x2  
  52  6:57  Queen  
  56  7:05  Zerg Ground Armor Level 1, Zerg Missile Weapons Level 1  
  55  7:14  Roach Warren  
  54  7:18  Extractor  
  54  7:22  Drone x5  
  58  7:24  Zergling x2  
  58  7:29  Hydralisk Den  
  58  7:32  Queen  
  60  7:38  Overlord x2  
  60  7:39  Overlord x2  
  60  7:41  Centrifical Hooks  
  60  7:43  Unknown, Hatchery  
  59  7:50  Overlord  
  59  7:51  Overlord x3  
  59  7:56  Queen  
  59  7:57  Glial Reconstitution  
  61  8:00  Muscular Augments  
  61  8:01  Hydralisk  
  61  8:02  Hydralisk x4  
  61  8:05  Hydralisk x2  
  71  8:06  Hydralisk  
  77  8:29  Hydralisk  
  77  8:30  Hydralisk x6  
  77  8:31  Hydralisk  
  93  8:46  Hydralisk  
  93  8:47  Hydralisk x3  
  101  8:51  Hydralisk  
  101  8:55  Unknown  
  103  9:03  Hydralisk x4  
  103  9:04  Roach x3  
  103  9:05  Overlord x2  
  117  9:26  Queen x3  
  117  9:28  Drone  
  117  9:29  Drone x3  
  127  10:03  Zergling x6, Drone x5  
  127  10:04  Zergling x2, Drone  
  127  10:05  Roach x2  
  127  10:06  Roach x2  
  145  10:22  Extractor  
  144  10:31  Extractor  
  143  10:36  Hydralisk  
  143  10:37  Overlord  
  143  10:38  Overlord x4  
  143  10:40  Ravager  
  146  10:52  Infestation Pit  
  145  10:58  Hydralisk x2  
  145  11:00  Hydralisk  
  145  11:02  Zergling x2  
  145  11:03  Zergling x10  
Show
View Real Time Build Order
Export as new Build Order

Gracz Protoss 

Build Orders:  

Get SALT Encoding   

  12  0:01  Probe (Chrono Boost)  
  13  0:12  Probe (Chrono Boost)  
  14  0:24  Pylon  
  14  0:30  Probe (Chrono Boost)  
  14  0:33  Assimilator  
  15  0:42  Probe (Chrono Boost)  
  16  0:52  Probe (Chrono Boost)  
  17  1:16  Pylon  
  17  1:28  Probe (Chrono Boost)  
  17  1:32  Assimilator  
  18  1:39  Probe (Chrono Boost)  
  19  1:49  Gateway  
  19  1:50  Probe (Chrono Boost)  
  19  1:51  Unknown, Nexus  
  20  1:55  Gateway  
  20  2:01  Pylon  
  20  2:03  Probe (Chrono Boost)  
  21  2:14  Probe (Chrono Boost)  
  22  2:26  Probe (Chrono Boost)  
  22  2:27  Pylon  
  23  2:30  Assimilator, Pylon  
  23  2:36  Probe (Chrono Boost)  
  24  2:59  Cybernetics Core  
  24  3:00  Gateway  
  24  3:03  Unknown  
  24  3:04  Probe (Chrono Boost)  
  24  3:05  Probe (Chrono Boost)  
  26  3:15  Probe x2 (Chrono Boost)  
  26  3:19  Gateway  
  28  3:25  Probe (Chrono Boost)  
  28  3:26  Probe (Chrono Boost), Warp Gate  
  30  3:36  Probe (Chrono Boost)  
  30  3:38  Adept, Probe (Chrono Boost)  
  34  3:47  Probe (Chrono Boost)  
  36  3:50  Probe (Chrono Boost)  
  36  3:57  Probe (Chrono Boost)  
  36  3:59  Assimilator  
  36  4:02  Probe (Chrono Boost)  
  38  4:03  Stalker  
  38  4:08  Mothership Core (Chrono Boost)  
  42  4:12  Twilight Council  
  42  4:14  Probe (Chrono Boost)  
  43  4:18  Gateway  
  43  4:23  Forge  
  43  4:26  Probe (Chrono Boost)  
  44  4:32  Stalker  
  44  4:35  Stalker  
  44  4:37  Stalker  
  51  4:38  Probe (Chrono Boost)  
  51  4:43  Probe (Chrono Boost)  
  52  4:50  Probe (Chrono Boost)  
  53  4:54  Probe (Chrono Boost)  
  38  5:21  Stalker  
  38  5:25  Stalker  
  38  5:26  Stalker  
  27  5:36  Pylon  
  3  6:40  Probe (Chrono Boost)  
  3  6:52  Probe (Chrono Boost)  
  4  7:00  Stalker  
  4  7:01  Unknown, Nexus  
  6  7:04  Probe (Chrono Boost)  
  6  7:05  Pylon  
  6  7:07  Pylon  
  7  7:08  Pylon  
  8  7:16  Probe (Chrono Boost)  
  8  7:22  Stalker  
  10  7:25  Protoss Ground Weapons Level 1  
  10  7:40  Probe (Chrono Boost)  
  11  7:51  Sentry  
  13  8:02  Probe (Chrono Boost)  
  14  8:12  Unknown  
  14  8:15  Probe (Chrono Boost)  
  15  8:24  Probe (Chrono Boost)  
  16  8:36  Probe x2 (Chrono Boost)  
  18  8:49  Probe x2 (Chrono Boost)  
  20  9:03  Stalker  
  20  9:08  Probe (Chrono Boost)  
  23  9:11  Probe (Chrono Boost)  
  23  9:16  Sentry  
  26  9:26  Probe (Chrono Boost)  
  26  9:27  Probe (Chrono Boost)  
  28  9:33  Stalker  
  28  9:37  Probe (Chrono Boost)  
  31  9:48  Probe x2 (Chrono Boost)  
  33  9:59  Probe x2 (Chrono Boost)  
  35  10:09  Probe x2 (Chrono Boost)  
  37  10:19  Stalker  
  37  10:20  Probe x2 (Chrono Boost)  
  41  10:22  Stalker  
  43  10:30  Probe (Chrono Boost)  
  44  10:43  Probe x2 (Chrono Boost)  
  44  10:46  Robotics Facility  
  46  10:54  Probe x2 (Chrono Boost)  
  46  10:56  Stalker  
  50  11:04  Probe x2 (Chrono Boost)  
  52  11:12  Stalker  
  52  11:13  Stalker  
  52  11:15  Probe (Chrono Boost)  
  52  11:17  Probe (Chrono Boost)  
  58  11:24  Stalker  
  61  11:25  Probe (Chrono Boost)  
  61  11:27  Probe (Chrono Boost)  
  62  11:39  Probe x2 (Chrono Boost)  
Tags
 
Add a new tag
Caveats
  • Supply blocks, unpowered buildings, or Contaminate may cause inaccurate times.
  • Supply counts are checked every 10 seconds.